 Dungeon Crawl Stone Soup version 0.19-a0-1920-g83281cb (webtiles) character file.

89 suicidejoker the Shooter (level 4, -3/37 HPs)
             Began as a Centaur Hunter on Oct 24, 2016.
             Asphyxiated
             ... on level 3 of the Dungeon.
             The game lasted 00:03:11 (2074 turns).

suicidejoker the Shooter (Centaur Hunter)           Turns: 2074, Time: 00:03:13

Health: -3/37      AC:  5    Str: 15    XL:     4   Next: 31%
Magic:  4/4        EV:  9    Int: 10    God:
Gold:   148        SH:  0    Dex: 12    Spells: 0 memorised, 3 levels left

rFire  . . .     SeeInvis .     a - +1 shortbow
rCold  . . .     Gourm    .     c - +0 leather armour
rNeg   . . .     Faith    .     (shield currently unavailable)
rPois  .         Spirit   .     (helmet restricted)
rElec  .         Reflect  .     (no cloak)
rCorr  .         Harm     .     r - +0 pair of gloves
MR     .....                    (no barding)
Stlth  +.........               (no amulet)
                                (no ring)
                                (no ring)

@: lethally poisoned (-3 -> -19), slowed
A: antennae 1, hooves 3, agile 1, deformed body, speed 2, tough skin 3
a: no special abilities


You were on level 3 of the Dungeon.
You were near starving.

You visited 1 branch of the dungeon, and saw 3 of its levels.

You collected 148 gold pieces.

Inventory:

Hand Weapons
 a - a +1 shortbow (weapon)
 b - a +0 short sword
 t - a +1 antimagic short sword
Missiles
 d - 17 arrows (quivered)
 n - 90 stones
 o - 10 poisoned needles
 p - 29 bolts
Armour
 c - a +0 leather armour (worn)
 r - a +0 pair of gloves (worn)
Jewellery
 h - a +3 ring of strength {unknown}
 u - a cursed ring of teleportation {unknown}
Scrolls
 e - 2 scrolls of fog {unknown}
 k - 3 scrolls of identify {unknown}
 m - a scroll of magic mapping {unknown}
 s - a scroll of remove curse {unknown}
Potions
 i - a potion of lignification {unknown}
 j - a potion of heal wounds
Comestibles
 f - 3 bread rations
 g - a meat ration
 l - 2 beef jerkies
 q - 4 fruits


   Skills:
 + Level 2.3 Fighting
 + Level 7.4 Bows
 + Level 0.1 Armour
 + Level 1.4 Dodging
 + Level 0.4 Stealth


You had 3 spell levels left.
You didn't know any spells.

Dungeon Overview and Level Annotations

Branches:
Dungeon (3/15)

Altars:
Qazlal
The Shining One


Innate Abilities, Weirdness & Mutations

You have hooves in place of feet.
Armour fits poorly on your strangely shaped body.
You cover ground very quickly.
You have extremely tough skin. (AC +3)
You have a pair of small antennae on your head.
You are agile. (Dex +2)


Message History

The kobold shoots a curare-tipped needle.
The curare-tipped needle hits you.
You are poisoned.
You have difficulty breathing.
You feel yourself slow down.
Firing (i - inventory. (,) - cycle):
d - 18 arrows (quivered)
Press: ? - help, Shift-Dir - straight line, f/p - hippogriff
Aim: a hippogriff (almost dead)
You shoot an arrow. The arrow barely misses the hippogriff.
The arrow hits the orc.
The orc is lightly wounded.
You feel sick. The hippogriff bites you!
* * * LOW HITPOINT WARNING * * *
The hippogriff pecks you but does no damage.
The hippogriff claws you.
* * * LOW HITPOINT WARNING * * *
The kobold shoots a curare-tipped needle.
The curare-tipped needle hits you.
You are more poisoned.
You have difficulty breathing.
You die...

###...........#
#......†#†###.#
#.......#.# #.# .
#.......#.#...######..
##
#.......>.........(((.
..
###'####..#......((...
##
#.####..####.o(..... #
#.#..........HK..... .
#.#.....####@....... #
#......## #........
###..)..# #########
#.....#### ###
#........# #..
#........# #..
#........# #..
#........# #..
#........### ####..


You could see a hippogriff, an orc and a kobold.

Vanquished Creatures
  3 adders (D:2)
  An ooze (D:3)
  A worm (D:2)
  2 dart slugs (D:2)
  3 leopard geckos
  2 ball pythons (D:2)
  6 bats
  3 giant cockroaches
  3 hobgoblins
  8 frilled lizards
  7 goblins
  5 kobolds
  6 rats
50 creatures vanquished.

Notes
Turn   | Place    | Note
-------+----------+-------------------------------------------
     0 | D:1      | suicidejoker the Centaur Hunter began the quest for the Orb.
     0 | D:1      | Reached XP level 1. HP: 17/17 MP: 1/1
   198 | D:1      | Reached XP level 2. HP: 23/24 MP: 2/2
   237 | D:1      | Reached skill level 6 in Bows
   951 | D:2      | Reached XP level 3. HP: 17/29 MP: 3/3
  1004 | D:2      | Found a glowing golden altar of the Shining One.
  1095 | D:2      | Reached skill level 7 in Bows
  1096 | D:2      | Gained mutation: You have a pair of small antennae on your head. [potion of beneficial mutation]
  1097 | D:2      | Gained mutation: You are dopey. (Int -2) [potion of mutation]
  1097 | D:2      | Lost mutation: You are dopey. (Int -2) [potion of mutation]
  1097 | D:2      | Gained mutation: You are agile. (Dex +2) [potion of mutation]
  1270 | D:2      | Found a stormy altar of Qazlal.
  1358 | D:2      | Reached XP level 4. HP: 36/36 MP: 4/4
  2064 | D:3      | Noticed a hippogriff
  2074 | D:3      | HP: 1/37 [hippogriff (5)]
  2074 | D:3      | Asphyxiated

Vault maps used:
D:1:      lightli_arrival_statuegarden, serial_bayou_pond_d
D:2:      nicolae_overflow_crystal_walls, lemuel_round_altar, first_bread

Skill      XL: |  1  2  3 |
---------------+----------+-----
Bows           | 6 7 |  7.4
Fighting       | |  2.3
Armour         | |  0.1
Dodging        | |  1.4
Stealth        | |  0.4

Action                   |  1- 3 |  4- 6 || total
-------------------------+-------+-------++-------
 Fire: Shortbow          |   139 |    35 ||   174
  Use: Potion            |     6 |       ||     6
Armor: Leather armour    |    23 |     3 ||    26
Dodge: Dodged            |    26 |     5 ||    31
